 Dungeon Crawl Stone Soup version 0.23.2-1-ga50397a (webtiles) character file.

Game seed: 7687991889042452632

2674 IBeShadow the Zephyrmancer (level 9, -1/54 HPs)
             Began as a Tengu Air Elementalist on May 15, 2019.
             Was a Follower of Okawaru.
             Slain by Harold
             ... wielding a +0 mace
              (15 damage)
             ... on level 7 of the Dungeon.
             The game lasted 00:22:25 (8107 turns).

IBeShadow the Zephyrmancer (Tengu Air Elementalist) Turns: 8107, Time: 00:22:26

Health: -1/54      AC:  5    Str: 11    XL:     9   Next: 63%
Magic:  19/25      EV: 14    Int: 20    God:    Okawaru [*.....]
Gold:   465        SH:  5    Dex: 14    Spells: 11/16 levels left

rFire    . . .     SeeInvis .   G - +1 hand axe (vamp)
rCold    . . .     Gourm    .   C - +0 buckler
rNeg     . . .     Faith    .   u - +0 troll leather armour {Purgy}
rPois    .         Spirit   .   (helmet restricted)
rElec    .         Reflect  .   (no cloak)
rCorr    .         Harm     .   d - +0 pair of gloves
MR       .....                  (boots unavailable)
Stlth    ++........             A - amulet of magic regeneration
HPRegen  0.58/turn              m - ring of magical power
MPRegen  0.44/turn              q - +3 ring of intelligence

@: about to teleport, flying quickly and evasively, quick
A: beak, talons 3, able to fly
a: Stop Flying, Heroism, Renounce Religion


You were on level 7 of the Dungeon.
You worshipped Okawaru.
Okawaru was aware of your devotion.
You were hungry.

You visited 2 branches of the dungeon, and saw 8 of its levels.

You collected 465 gold pieces.

Inventory:

Hand Weapons
 n - a +1 rapier
 G - a +1 vampiric hand axe (weapon)
Armour
 a - a +0 robe
 d - a +0 pair of gloves (worn)
 g - a +0 chain mail of cold resistance
 u - a +0 troll leather armour (worn) {Purgy}
 C - a +0 buckler (worn)
Magical Staves
 E - an uncursed staff of poison
Jewellery
 k - a +3 ring of evasion
 m - a ring of magical power (left hand)
 p - an uncursed ring of wizardry
 q - a +3 ring of intelligence (right hand)
 r - an uncursed ring of resist corrosion
 A - an amulet of magic regeneration (around neck)
 D - an uncursed ring of magical power
Scrolls
 f - 2 scrolls of enchant weapon
 i - a scroll of teleportation
 o - 2 scrolls of magic mapping
 s - a scroll of fog {unknown}
 v - 3 scrolls of remove curse {unknown}
 x - a scroll of blinking
 y - a scroll of noise {unknown}
 B - a scroll of random uselessness {unknown}
 H - 2 scrolls of vulnerability {unknown}
 I - 3 scrolls of amnesia {unknown}
 J - 2 scrolls of identify
Potions
 b - 2 potions of curing
 e - 2 potions of degeneration {unknown}
 j - 3 potions of mutation
 l - a potion of brilliance {unknown}
 t - a potion of ambrosia
 w - a potion of resistance
 z - a potion of flight {unknown}
 F - a potion of magic {unknown}
 K - a potion of berserk rage {unknown}
Comestibles
 c - 8 rations
 h - 3 chunks of flesh


   Skills:
 + Level 5.6 Fighting
 * Level 4.2 Axes
 - Level 2.1 Dodging
 - Level 2.0 Stealth
 - Level 4.3 Shields
 - Level 4.1 Spellcasting
 + Level 7.6 Conjurations
 + Level 8.6 Air Magic
 + Level 2.3 Invocations


You had 11 spell levels left.
You knew the following spells:

 Your Spells              Type           Power        Failure   Level  Hunger
a - Shock                 Conj/Air       ####         1%          1    None
b - Airstrike             Air            #####.....   4%          4    ####...

Your spell library contained the following spells:

 Spells                   Type           Power        Failure   Level  Hunger
 Static Discharge         Conj/Air       #####...     1%          3    ###....
 Swiftness                Chrm/Air       ###.....     4%          2    #......
 Lightning Bolt           Conj/Air       #####.....   16%         5    ######.


Dungeon Overview and Level Annotations

Branches:
Dungeon (7/15)             Temple (1/1) D:4

Altars:
Cheibriados
Dithmenos
Elyvilon
Fedhas
Gozag
Hepliaklqana
Makhleb
Okawaru
Qazlal
Ru
Sif Muna
Trog
Uskayaw
Vehumet
Wu Jian
Xom
The Shining One

Annotations:
D:7 Harold


Innate Abilities, Weirdness & Mutations

You have a beak for a mouth.
You have claws for feet.
You can fly continuously.


Message History

As you read the scroll of teleportation, it crumbles to dust.
You feel strangely unstable.
Harold says, "Let's make it quick, okay?
I've got mouths to feed."
Harold hits you with a +0 mace!
* * * LOW HITPOINT WARNING * * *
Unknown command.
You feel better.
Casting: Airstrike (safe; 4% risk of failure)
Confirm with . or Enter, or press ? or * to list all spells.
Aiming: Airstrike (safe; 4% risk of failure)
Press: ? - help, Dir - move target cursor, f/p - Harold
Aim: Harold, wielding a +0 mace and wearing a +2 chain mail of cold resistance (heavily wounded)
The air twists around and strikes Harold!
Harold is severely wounded.
You are feeling hungry.
Harold hits you with a +0 mace!
* * * LOW HITPOINT WARNING * * *
Unknown command.
You feel better. Harold hits you with a +0 mace!
You die...

##..........# #....# ##.#...
#..........# #....# #.....
#..........# #....# ##..##
####'#(##### #....# #..#
###...)...########....######.##
....$.....+......+..........>.#
##...)...#.###.##.....##......
#<.........##.....##..'.<....
##......#..@@....######......
#......#.######## #.......
#......#.# ###.......
#.......#.# #######..)......
#.......#.. #.....'..)####.#
#.......### #.#####...# #..
#.......# #.# #...# #.. #.#
##### ##. #.# #.


You could see Harold.

Vanquished Creatures
  A hippogriff (D:4)
  Grinder (D:6)
  Menkaure (D:7)
  Edmund (D:5)
  Duvessa (D:5)
  A sky beast (D:5)
  Purgy (D:3)
  A black bear (D:7)
  5 ogres
  A centaur (D:6)
  A big kobold (D:6)
  2 bullfrogs (D:6)
  A gnoll sergeant (D:6)
  2 scorpions
  Dowan (D:5)
  A bullfrog zombie (D:6)
  2 hounds (D:6)
  4 gnoll shamans
  An orc priest (D:6)
  3 orc wizards
  2 worker ants
  A hound skeleton (D:4)
  Robin (D:3)
  20 gnolls
  8 adders
  2 shadow imps
  2 oozes
  2 worms (D:2)
  3 dart slugs
  A leopard gecko (D:4)
  12 orcs
  4 bats
  5 giant cockroaches
  16 hobgoblins
  3 jackals (D:3)
  A quokka (D:2)
  5 frilled lizards
  20 goblins
  12 kobolds
  A quokka skeleton (D:2)
  4 rats
157 creatures vanquished.

Notes
Turn   | Place    | Note
-------+----------+-------------------------------------------
     0 | D:1      | IBeShadow the Tengu Air Elementalist began the quest for
                  | the Orb.
     0 | D:1      | Reached XP level 1. HP: 10/10 MP: 4/4
   414 | D:1      | Reached XP level 2. HP: 16/16 MP: 6/6
  1073 | D:1      | Reached skill level 1 in Fighting
  1187 | D:1      | Reached XP level 3. HP: 15/20 MP: 7/7
  1760 | D:2      | Reached XP level 4. HP: 7/25 MP: 8/8
  2436 | D:2      | Reached skill level 5 in Air Magic
  2802 | D:3      | Noticed Robin
  2823 | D:3      | Gained mutation: You can fly continuously. [Tengu growth]
  2823 | D:3      | Reached XP level 5. HP: 20/30 MP: 10/10
  2849 | D:3      | Killed Robin
  3508 | D:3      | Noticed Purgy
  3525 | D:3      | Killed Purgy
  3525 | D:3      | Reached XP level 6. HP: 23/36 MP: 11/11
  3926 | D:4      | Noticed a hippogriff
  3935 | D:4      | Killed a hippogriff
  3935 | D:4      | Reached skill level 6 in Air Magic
  3935 | D:4      | Reached XP level 7. HP: 17/41 MP: 0/13
  4080 | D:4      | Reached skill level 5 in Conjurations
  4715 | D:4      | Found a staircase to the Ecumenical Temple.
  4824 | Temple   | Entered the Ecumenical Temple
  4948 | D:5      | Entered Level 5 of the Dungeon
  4956 | D:5      | Noticed Edmund
  4974 | D:5      | Killed Edmund
  5193 | D:5      | Reached skill level 1 in Shields
  5392 | D:5      | Noticed Duvessa
  5392 | D:5      | Noticed Dowan
  5457 | D:5      | Killed Dowan
  5460 | D:5      | Killed Duvessa
  5460 | D:5      | Reached XP level 8. HP: 13/48 MP: 14/15
  5892 | D:6      | Learned a level 4 spell: Airstrike
  5909 | D:6      | Noticed Grinder
  5947 | D:6      | Killed Grinder
  5947 | D:6      | Reached skill level 7 in Air Magic
  6201 | D:6      | Found an iron altar of Okawaru.
  6220 | D:6      | Became a worshipper of Warmaster Okawaru
  6436 | D:6      | Reached skill level 5 in Fighting
  6436 | D:6      | Reached skill level 1 in Axes
  6449 | D:6      | Found an opulent altar of Gozag.
  6453 | D:6      | Found a white marble altar of Elyvilon.
  6456 | D:6      | Found a deep blue altar of Sif Muna.
  6505 | D:6      | Reached XP level 9. HP: 50/54 MP: 16/16
  6664 | D:6      | Reached skill level 8 in Air Magic
  6679 | D:6      | Reached skill level 1 in Invocations
  6944 | D:6      | Reached * piety under Okawaru
  7791 | D:7      | Found a glowing golden altar of the Shining One.
  7889 | D:7      | Noticed Menkaure
  7891 | D:7      | Killed Menkaure
  7922 | D:7      | Noticed Harold
  8107 | D:7      | Slain by Harold

Skill      XL: |  1  2  3  4  5  6  7  8  9 |
---------------+----------------------------+-----
Conjurations   | 2 3 4 5 6 7 |  7.6
Fighting       | 1 2 3 5 |  5.6
Air Magic      | 5 6 7 8 |  8.6
Spellcasting   | 3 4 |  4.1
Shields        | 3 4 |  4.3
Axes           | 1 4 |  4.2
Invocations    | 2 |  2.3
Dodging        | |  2.1
Stealth        | |  2.0

Action                   |  1- 3 |  4- 6 |  7- 9 || total
-------------------------+-------+-------+-------++-------
Melee: Unarmed           |     9 |       |       ||     9
       Peck              |    14 |    18 |    37 ||    69
       Dagger            |    89 |    48 |       ||   137
       Kick              |    22 |    29 |    63 ||   114
       Rapier            |       |    90 |    84 ||   174
       Hand axe          |       |       |   147 ||   147
 Cast: Shock             |    10 |    13 |   100 ||   123
       Airstrike         |       |       |    32 ||    32
 Abil: Fly               |       |     1 |       ||     1
  Use: Scroll            |       |     2 |     9 ||    11
       Potion            |       |       |     4 ||     4
 Stab: Sleeping          |       |       |     1 ||     1
       Distracted        |       |       |     1 ||     1
  Eat: Chunk             |     3 |     7 |    15 ||    25
       Ration            |       |       |     2 ||     2
Armor: Robe              |     3 |       |       ||     3
       Chain mail        |    64 |   104 |       ||   168
       Troll leather arm |       |     4 |    51 ||    55
Dodge: Dodged            |    25 |    61 |   184 ||   270
Block: Buckler           |       |       |    51 ||    51
